Map: Odyssey LE

Players

Corsario

  • Race: Terran Terran
  • League: Platinum
  • Spawn Location: 5:00

Yata - Winner!

  • Race: Zerg Zerg
  • League: Platinum
  • Spawn Location: 11:00

VOD

Have the link to the VOD?

Description

Time

  • Played on: Nov. 8, 2017, 12:27 a.m.
  • Length: 10:01
Show
View Real Time Build Order
Export as new Build Order

Corsario Terran 

Build Orders: MMM Bio 

Get SALT Encoding   

  12  0:02  SCV  
  13  0:14  SCV  
  14  0:25  Supply Depot  
  14  0:26  SCV  
  15  0:47  Barracks, SCV  
  16  0:51  Refinery  
  16  0:59  SCV  
  17  1:06  Barracks  
  17  1:11  SCV  
  18  1:23  SCV  
  19  1:27  Barracks  
  19  1:41  Barracks  
  19  1:48  Barracks  
  19  1:53  Barracks Tech Lab  
  19  2:05  Orbital Command  
  19  2:08  Marine  
  20  2:19  Combat Shields  
  20  2:22  Marine  
  21  2:26  Marine  
  21  2:28  Marine  
  23  2:38  Supply Depot  
  23  2:41  Marine x2  
  25  2:45  Marine  
  25  2:48  Marine  
  25  2:51  Marine  
  28  3:00  Supply Depot  
  28  3:08  Marine  
  28  3:09  Marauder  
  28  3:11  Marine  
  32  3:15  Marine  
  32  3:17  Marine  
  34  3:26  Marine  
  35  3:29  Marine  
  35  3:30  Marine  
  37  3:36  Marine  
  37  3:37  Marine  
  39  3:44  Marine  
  42  3:48  Marauder  
  42  3:55  Marine x3  
  45  4:02  Marine  
  46  4:05  Stimpack  
  46  4:15  Supply Depot  
  46  4:19  Marine x2  
  48  4:28  Marine x2  
  48  4:29  Marine  
  51  4:42  Marine x2  
  53  4:46  Marine x2  
  53  4:47  Marine  
  56  5:00  Marine x2  
  56  5:04  Marine  
  56  5:06  Marine x2  
  41  5:17  Marine  
  41  5:18  Marine  
  37  5:22  Marine  
  37  5:23  Marine  
  37  5:27  Marine  
  38  5:35  Marine x2  
  38  5:40  Marine  
  31  5:58  Factory  
  31  6:15  Reaper x3  
  31  6:16  Reaper  
  35  6:19  Reaper  
  35  6:21  SCV  
  37  6:30  Command Center  
  37  6:34  SCV  
  22  7:03  SCV  
  24  7:15  SCV  
  24  7:27  SCV  
  25  7:34  Supply Depot  
  25  7:54  Widow Mine  
  27  8:00  Engineering Bay  
  27  8:01  SCV  
  28  8:13  SCV  
  28  8:19  Refinery  
  29  8:25  SCV  
  30  8:38  SCV  
  27  8:50  SCV  
  27  8:52  Factory Tech Lab  
  27  9:11  Siege Tank  
  27  9:15  SCV  
  31  9:27  SCV  
  31  9:39  SCV  
  32  9:47  Starport  
Show
View Real Time Build Order
Export as new Build Order

Yata Zerg - Winner!

Build Orders: Hatch First 

Get SALT Encoding   

  12  0:01  Drone  
  13  0:12  Overlord  
  13  0:18  Drone  
  14  0:31  Drone x2  
  14  0:34  Drone  
  17  0:55  Hatchery  
  17  0:56  Drone  
  17  1:00  Drone  
  18  1:13  Extractor  
  18  1:15  Spawning Pool  
  18  1:18  Drone  
  17  1:21  Drone  
  18  1:29  Drone  
  19  1:38  Overlord  
  19  1:53  Drone  
  20  2:00  Drone  
  21  2:02  Queen  
  21  2:06  Overlord  
  23  2:15  Metabolic Boost  
  23  2:17  Zergling x2  
  23  2:18  Zergling x2  
  23  2:22  Drone  
  26  2:23  Evolution Chamber  
  26  2:26  Queen  
  28  2:30  Drone  
  28  2:38  Baneling Nest  
  27  2:48  Drone x3  
  30  2:53  Drone  
  30  2:57  Overlord  
  31  3:01  Drone  
  32  3:06  Drone  
  33  3:15  Drone x2  
  33  3:16  Drone x2  
  36  3:22  Drone x2  
  38  3:30  Zergling x2  
  39  3:37  Zerg Melee Weapons Level 1  
  39  3:39  Zergling x6  
  39  3:40  Zergling x2  
  42  3:55  Spine Crawler  
  41  4:00  Baneling x5  
  41  4:01  Zergling x2  
  41  4:02  Zergling x12  
  48  4:11  Zergling x6  
  48  4:12  Zergling x2  
  52  4:17  Extractor  
  52  4:18  Zergling x2  
  52  4:35  Overlord x4  
  52  4:47  Overlord x3  
  52  4:48  Overlord x2  
  52  4:56  Zergling x4  
  52  4:57  Zergling x2  
  53  5:03  Zergling x2  
  40  5:07  Zergling x2  
  42  5:14  Zergling x8  
  44  5:25  Lair  
  44  5:40  Zergling x12  
  49  5:58  Baneling  
  49  5:59  Baneling x3  
  49  6:06  Baneling x2  
  49  6:11  Hatchery  
  49  6:12  Extractor, Drone x3  
  49  6:13  Drone x2  
  49  6:14  Drone x5  
  57  6:30  Zergling x6  
  57  6:37  Overseer  
  57  6:39  Baneling x2  
  57  6:41  Zergling x14  
  62  6:49  Zergling x2  
  54  7:06  Hydralisk Den  
  53  7:08  Zergling x2  
  53  7:09  Zergling x14  
  53  7:12  Zerg Melee Weapons Level 2  
  61  7:18  Queen  
  61  7:19  Queen  
  61  7:22  Drone x2  
  67  7:30  Zergling x4  
  67  7:31  Zergling x2  
  67  7:37  Muscular Augments  
  70  7:40  Zergling x2  
  70  7:41  Zergling x12  
  77  7:53  Queen  
  77  7:57  Hydralisk x2  
  77  7:58  Hydralisk x4  
  85  8:01  Baneling x3  
  85  8:02  Baneling  
  91  8:11  Drone x5  
  96  8:26  Zergling x12  
  102  8:32  Hydralisk  
  102  8:33  Hydralisk  
  106  8:50  Hydralisk x6  
  118  9:00  Infestation Pit  
  115  9:02  Queen  
  117  9:18  Drone x3  
  117  9:19  Extractor, Drone x2  
  117  9:21  Overlord  
  117  9:22  Overlord  
  121  9:35  Zergling x2  
Tags
 
Composition
MMM Bio
Matchup
TvZ
Replay Pack
Pack 1
Spawn Locations
Cross Positions
Add a new tag
Caveats
  • Supply blocks, unpowered buildings, or Contaminate may cause inaccurate times.
  • Supply counts are checked every 10 seconds.